 Dungeon Crawl Stone Soup version 0.23.2-33-g5129a83184 (webtiles) character file.

Game seed: 3689074543667567218

1471 DorianNounverber the Digger (level 8, 0/46 HPs)
             Began as a Gargoyle Earth Elementalist on July 13, 2019.
             Was a Follower of Vehumet.
             Slain by an orc warrior
             ... wielding a +0 halberd
              (12 damage)
             ... on level 6 of the Dungeon.
             The game lasted 00:18:32 (5566 turns).

DorianNounverber the Digger (GrEE)                  Turns: 5566, Time: 00:18:33

Health: 0/46       AC: 10    Str: 12    XL:     8   Next: 78%
Magic:  15/15      EV: 13    Int: 18    God:    Vehumet [*.....]
Gold:   289        SH:  0    Dex: 10    Spells: 3/16 levels left

rFire    + . .     SeeInvis .   k - +2 mace (crush)
rCold    x . .     Gourm    .   (no shield)
rNeg     + . .     Faith    .   c - +0 robe
rPois    ∞         Spirit   .   (no helmet)
rElec    +         Reflect  .   s - +0 cloak
rCorr    .         Harm     .   (no gloves)
MR       .....                  m - +1 pair of boots {run}
Stlth    +++.......             f - amulet of rage
HPRegen  0.15/turn              D - ring of fire
MPRegen  0.14/turn              (no ring)

@: quick
A: negative energy resistance 1, electricity resistance, unbreathing,
petrification resistance, rot immunity, AC +5
a: Renounce Religion, Evoke Berserk Rage


You were on level 6 of the Dungeon.
You worshipped Vehumet.
Vehumet was aware of your devotion.
You were not hungry.

You visited 2 branches of the dungeon, and saw 7 of its levels.
You also visited: Ossuary.

You collected 289 gold pieces.

Inventory:

Hand Weapons
 j - a +2 dagger of holy wrath
 k - a +2 mace of crushing (weapon)
Missiles
 b - 192 stones (quivered)
Armour
 c - a +0 robe (worn)
 m - a +1 pair of boots of running (worn)
 s - a +0 cloak (worn)
Jewellery
 f - an amulet of rage (around neck)
 D - a ring of fire (left hand)
Wands
 v - a wand of flame (9)
Scrolls
 a - 9 scrolls of teleportation {unknown}
 g - a scroll of blinking {unknown}
 h - 4 scrolls of amnesia {unknown}
 l - 4 scrolls of remove curse {unknown}
 o - 5 scrolls of identify {unknown}
 q - 3 scrolls of enchant armour {unknown}
 t - 2 scrolls of fog {unknown}
 y - a scroll of random uselessness {unknown}
 C - a scroll of fear {unknown}
Potions
 e - 4 potions of might {unknown}
 i - 2 potions of lignification {unknown}
 n - 2 potions of heal wounds {unknown}
 p - a potion of berserk rage {unknown}
 r - a potion of degeneration {unknown}
 u - 5 potions of curing
 w - 4 potions of flight {unknown}
 x - 2 potions of mutation {unknown}
 z - 2 potions of brilliance {unknown}
 A - 2 potions of magic {unknown}
 B - a potion of invisibility {unknown}
Comestibles
 d - 8 rations


   Skills:
 + Level 3.5 Fighting
 + Level 3.2 Dodging
 + Level 4.7 Stealth
 * Level 4.9 Spellcasting
 + Level 2.7 Conjurations
 + Level 2.3 Transmutations
 * Level 7.0 Earth Magic
 + Level 2.1 Evocations


You had 3 spell levels left.
You knew the following spells:

 Your Spells              Type           Power        Failure   Level  Hunger
a - Sandblast             Erth           ####..       1%          1    None
b - Stone Arrow           Conj/Erth      ###...       5%          3    ###....
c - Petrify               Tmut/Erth      ###.....     19%         4    ####...
d - Lee's Rapid Deconstr  Erth           ####......   21%         5    ######.

Your spell library contained the following spells:

 Spells                   Type           Power        Failure   Level  Hunger
 Sting                    Conj/Pois      #...         8%          1    None
 Passwall                 Tmut/Erth      ###.....     3%          2    #......


Dungeon Overview and Level Annotations

Branches:
Dungeon (6/15)             Temple (1/1) D:5

Altars:
Ashenzari
Dithmenos
Fedhas
Makhleb
Nemelex Xobeh
Okawaru
Qazlal
Trog
Uskayaw
Vehumet
Wu Jian
Xom
Zin

Shops:
D:4 %


Innate Abilities, Weirdness & Mutations

You are resistant to torment.
Your stone body is resilient. (AC +5)
You are immune to poison.
You resist negative energy. (rN+)
You are resistant to electric shocks. (rElec)
You can survive without breathing.
You are immune to petrification.
You are immune to rotting.


Message History

The orc warrior hits you with a +0 halberd.
The orc warrior hits you with a +0 halberd!
You hit the orc warrior but do no damage.
The orc warrior is almost dead.
The orc warrior completely misses you. The orc warrior barely misses you.
There is a stone staircase leading up here.
You climb upwards.
There is a stone staircase leading down here.
You start resting.
Magic restored.
You start resting.
You are feeling very hungry.
You eat one of the 9 rations.
That ration really hit the spot!
You climb downwards.
The orc warrior hits you with a +0 halberd!!
Ouch! That really hurt!
* * * LOW HITPOINT WARNING * * *
The orc warrior hits you with a +0 halberd!
You die...

##.######
........#########
#o.....?..#
#.@######.# #..#
#.>............
#....#...##.##.
#........#
#+#####... ##.##
.. ##


You could see an orc warrior.

Vanquished Creatures
  Sigmund (D:2)
  A hornet zombie (Ossuary)
  A sky beast (D:6)
  2 ogres (D:4)
  A water moccasin zombie (Ossuary)
  A howler monkey (D:5)
  A centaur zombie (Ossuary)
  5 bullfrog zombies
  An orc wizard (D:4)
  2 orc priests (D:6)
  An iguana (D:5)
  Natasha (twice) (D:4)
  Terence (D:1)
  2 worker ants
  2 killer bee zombies (Ossuary)
  A hound zombie (Ossuary)
  A hound skeleton (D:5)
  12 mummies (Ossuary)
  A howler monkey zombie (Ossuary)
  3 worker ant zombies
  2 adders
  A shadow imp (D:5)
  An ooze (D:1)
  3 adder zombies (Ossuary)
  3 worms
  4 dart slugs
  4 orcs (D:4)
  3 giant cockroaches
  8 goblins
  6 hobgoblins
  4 jackals
  7 kobolds
  A quokka (D:4)
  A ball python zombie (Ossuary)
  6 bats
  2 frilled lizards (D:1)
  A giant cockroach zombie (Ossuary)
  A leopard gecko zombie (Ossuary)
  2 quokka skeletons
  A quokka zombie (Ossuary)
  8 rats
111 creatures vanquished.

Vanquished Creatures (others)
  3 withered plants (Ossuary)
3 creatures vanquished.

Grand Total: 114 creatures vanquished

Notes
Turn   | Place    | Note
-------+----------+-------------------------------------------
     0 | D:1      | DorianNounverber the Gargoyle Earth Elementalist began the
                  | quest for the Orb.
     0 | D:1      | Reached XP level 1. HP: 10/10 MP: 3/3
   209 | D:1      | Reached XP level 2. HP: 16/16 MP: 3/5
   383 | D:1      | Reached skill level 4 in Earth Magic
   593 | D:2      | Reached XP level 3. HP: 20/20 MP: 2/6
   598 | D:2      | Learned a level 3 spell: Stone Arrow
   631 | D:2      | Found a faded altar of an unknown god.
   631 | D:2      | Noticed Terence
   695 | D:1      | Killed Terence
   695 | D:1      | Reached skill level 1 in Fighting
   739 | D:2      | Identified a +1 pair of boots of running (You found it on
                  | level 2 of the Dungeon)
   887 | D:2      | Reached XP level 4. HP: 25/25 MP: 6/8
   894 | D:2      | Learned a level 4 spell: Petrify
  1187 | D:2      | Noticed Sigmund
  1345 | D:2      | Killed Sigmund
  1345 | D:2      | Reached skill level 5 in Earth Magic
  1345 | D:2      | Reached XP level 5. HP: 17/30 MP: 4/10
  1584 | D:2      | Reached XP level 6. HP: 35/35 MP: 2/11
  2294 | D:3      | Found a shattered altar of Ashenzari.
  2386 | D:4      | Reached skill level 1 in Transmutations
  2460 | D:4      | Noticed Natasha
  2463 | D:4      | Reached XP level 7. HP: 33/40 MP: 5/12
  2474 | D:4      | Killed Natasha
  2474 | D:4      | Reached skill level 1 in Conjurations
  2552 | D:4      | Learned a level 5 spell: Lee's Rapid Deconstruction
  2789 | D:4      | Found Agod's Food Emporium.
  2916 | D:4      | Noticed Natasha
  2922 | D:4      | Killed Natasha
  2964 | D:4      | Found a glowing silver altar of Zin.
  3136 | D:5      | Entered Level 5 of the Dungeon
  3143 | D:5      | Reached skill level 1 in Evocations
  3163 | D:5      | Found a staircase to the Ecumenical Temple.
  3170 | D:5      | Found a shimmering altar of Xom.
  3173 | Temple   | Entered the Ecumenical Temple
  3197 | Temple   | Became a worshipper of Vehumet
  3227 | D:5      | Found a sand-covered staircase.
  3237 | Ossuary  | Entered an ossuary
  3309 | Ossuary  | Reached skill level 6 in Earth Magic
  3859 | Ossuary  | Reached * piety under Vehumet
  3859 | Ossuary  | Offered knowledge of Sting by Vehumet.
  3859 | Ossuary  | Reached XP level 8. HP: 42/46 MP: 10/14
  4623 | D:5      | Found an iron altar of Okawaru.
  5144 | D:6      | Reached skill level 7 in Earth Magic
  5566 | D:6      | Slain by an orc warrior

Skill      XL: |  1  2  3  4  5  6  7  8 |
---------------+-------------------------+-----
Earth Magic    | 4 5 6 7 |  7.0
Fighting       | 1 2 3 |  3.5
Dodging        | 2 3 |  3.2
Stealth        | 3 4 |  4.7
Spellcasting   | 3 4 |  4.9
Transmutations | 1 2 |  2.3
Conjurations   | 1 2 |  2.7
Evocations     | 1 2 |  2.1

Action                   |  1- 3 |  4- 6 |  7- 9 || total
-------------------------+-------+-------+-------++-------
Melee: Dagger            |     8 |       |       ||     8
       Mace              |     6 |    60 |    95 ||   161
 Cast: Sandblast         |    28 |    20 |    91 ||   139
       Stone Arrow       |     1 |     7 |    36 ||    44
 Stab: Distracted        |       |       |     1 ||     1
  Eat: Chunk             |       |     6 |     1 ||     7
       Ration            |       |       |     4 ||     4
Armor: Robe              |     9 |    29 |    56 ||    94
Dodge: Dodged            |    12 |    52 |    89 ||   153
